 Dungeon Crawl Stone Soup version 0.21.0-3-g78d12a8 (webtiles) character file.

5 tidbits the Magician (level 1, 5/9 HPs)
             Began as a Vine Stalker Wizard on Jan 11, 2018.
             Quit the game on level 2 of the Dungeon.
             The game lasted 00:01:11 (132 turns).

tidbits the Magician (Vine Stalker Wizard)           Turns: 132, Time: 00:01:12

Health: 5/9        AC:  2    Str:  9    XL:     1   Next: 80%
Magic:  0/5        EV: 12    Int: 18    God:
Gold:   37         SH:  0    Dex: 12    Spells: 5/6 levels left

rFire    . . .     SeeInvis .   e - +0 club
rCold    . . .     Gourm    .   (no shield)
rNeg     . . .     Faith    .   a - +0 robe
rPois    .         Spirit   +   b - +0 hat
rElec    .         Reflect  .   (no cloak)
rCorr    .         Harm     .   (no gloves)
MR       .....                  (no boots)
Stlth    ++........             (no amulet)
HPRegen  0.03/turn              (no ring)
MPRegen  0.09/turn              (no ring)

@: lethally poisoned (5 -> -8), very slightly contaminated
A: fangs 2, magic shield, antimagic bite, no potion heal 3, rot immunity
a: no special abilities


You were on level 2 of the Dungeon.
You were not hungry.

You visited 1 branch of the dungeon, and saw 2 of its levels.

You collected 37 gold pieces.

Inventory:

Hand Weapons
 e - a +0 club (weapon)
Missiles
 g - 7 tomahawks (quivered)
Armour
 a - a +0 robe (worn)
 b - a +0 hat (worn)
Scrolls
 f - a scroll of enchant armour {unknown}
Books
 c - a book of Minor Magic

   Spells                             Type                      Level
   a - Magic Dart                     Conjuration                  1
   b - Blink                          Translocation                2
   c - Call Imp                       Summoning                    2
   d - Slow                           Hexes                        2
   e - Conjure Flame                  Conjuration/Fire             3
   f - Mephitic Cloud                 Conjuration/Poison/Air       3
Comestibles
 d - a ration


   Skills:
 + Level 0.6 Fighting
 - Level 1.5 Dodging
 + Level 2.8 Stealth
 - Level 3.2 Spellcasting
 - Level 1.0 Conjurations
   Level 1.0 Summonings
   Level 1.0 Translocations


You had 5 spell levels left.
You knew the following spells:

 Your Spells              Type           Power        Failure   Level  Hunger
a - Magic Dart            Conj           #...         11%         1    None


Dungeon Overview and Level Annotations

Branches:
Dungeon (2/15)

Altars:


Innate Abilities, Weirdness & Mutations

You have extremely sharp teeth.
When hurt, damage is shared between your health and your magic reserves.
Your bite disrupts and absorbs the magic of your enemies.
Potions cannot restore your health.
You are immune to rotting.


Message History

Press: ? - help, Shift-Dir - straight line, f - ball python
Aim: a ball python The magic dart hits the ball python.
You kill the ball python!
You see here a kobold corpse.
You now have 23 gold pieces (gained 6).
Found a scroll labeled CIADOMN QYKOWN.
Found a stone staircase leading down.
f - a scroll labeled CIADOMN QYKOWN
There is a stone staircase leading down here.
You climb downwards.
Found 14 gold pieces and 7 tomahawks.
There is a stone staircase leading up here.
Unknown command.
A ball python comes into view.
Casting: Magic Dart
Confirm with . or Enter, or press ? or * to list all spells.
Aiming: Magic Dart
Press: ? - help, Shift-Dir - straight line, f - ball python
Aim: a ball python (resting)
The magic dart hits the ball python.
You kill the ball python!
You see here 7 tomahawks.
g - 7 tomahawks You now have 37 gold pieces (gained 14).
A leopard gecko comes into view.
Casting: Magic Dart
Confirm with . or Enter, or press ? or * to list all spells.
Aiming: Magic Dart
Press: ? - help, Shift-Dir - straight line, f - leopard gecko
Aim: a leopard gecko (clinging, resting)
The magic dart hits the leopard gecko.
The leopard gecko is lightly wounded.
Casting: Magic Dart
Confirm with . or Enter, or press ? or * to list all spells.
Aiming: Magic Dart
Press: ? - help, Shift-Dir - straight line, f/p - leopard gecko
Aim: a leopard gecko (lightly wounded, clinging)
The magic dart hits the leopard gecko.
The leopard gecko is severely wounded.
Casting: Magic Dart
Confirm with . or Enter, or press ? or * to list all spells.
Aiming: Magic Dart
Press: ? - help, Shift-Dir - straight line, f/p - leopard gecko
Aim: a leopard gecko (severely wounded)
The magic dart hits the leopard gecko.
You kill the leopard gecko!
A kobold comes into view. It is wielding a whip of venom.
Casting: Magic Dart
Confirm with . or Enter, or press ? or * to list all spells.
Aiming: Magic Dart
Press: ? - help, Shift-Dir - straight line, f - kobold
Aim: a kobold, wielding a whip of venom (resting)
The magic dart hits the kobold.
The kobold is moderately wounded.
The kobold shouts!
Casting: Magic Dart
Confirm with . or Enter, or press ? or * to list all spells.
Aiming: Magic Dart
Press: ? - help, Shift-Dir - straight line, f/p - kobold
Aim: a kobold, wielding a whip of venom (moderately wounded)
You miscast Magic Dart.
You are very lightly contaminated with residual magic.
Nothing appears to happen.
Casting: Magic Dart
Confirm with . or Enter, or press ? or * to list all spells.
Aiming: Magic Dart
Press: ? - help, Shift-Dir - straight line, f/p - kobold
Aim: a kobold, wielding a whip of venom (moderately wounded)
The magic dart hits the kobold.
The kobold is moderately wounded.
Casting: Magic Dart
Confirm with . or Enter, or press ? or * to list all spells.
Aiming: Magic Dart
Press: ? - help, Shift-Dir - straight line, f/p - kobold
Aim: a kobold, wielding a whip of venom (moderately wounded)
You miscast Magic Dart.
Nothing appears to happen.
The kobold throws a stone.
The stone barely misses you.
Casting: Magic Dart
Confirm with . or Enter, or press ? or * to list all spells.
Aiming: Magic Dart
Press: ? - help, Shift-Dir - straight line, f/p - kobold
Aim: a kobold, wielding a whip of venom The magic dart hits the kobold.
The kobold is severely wounded.
Casting: Magic Dart
Confirm with . or Enter, or press ? or * to list all spells.
You don't have enough magic to cast that spell.
Casting: Magic Dart
Confirm with . or Enter, or press ? or * to list all spells.
Aiming: Magic Dart
Press: ? - help, Shift-Dir - straight line, f/p - kobold
Aim: a kobold, wielding a whip of venom The magic dart hits the kobold.
The kobold is moderately wounded.
The kobold hits you with a whip of venom.
You are lethally poisoned!
Unknown command.
Are you sure you want to abandon this character and quit the game? (Confirm with "yes".)

........#
........#
.....†..#########
.......(..K.....#
........#######.#
........# #.#
........# #.#
........# #K###
........# #.@.#
........# #####
.<......#
........#
#########


You could see a kobold.

Vanquished Creatures
  A leopard gecko (D:2)
  A kobold (D:1)
  2 ball pythons
4 creatures vanquished.

Notes
Turn   | Place    | Note
-------+----------+-------------------------------------------
     0 | D:1      | tidbits the Vine Stalker Wizard began the quest for the Orb.
     0 | D:1      | Reached XP level 1. HP: 9/9 MP: 5/5
   132 | D:2      | Quit the game

Action                   || total
-------------------------++-------
 Cast: Magic Dart        ||    12
Dodge: Dodged            ||     1

Table legend:
 A = Turns spent in this place as a percentage of turns spent in the entire game.
 B = Non-inter-level travel turns spent in this place as a percentage of non-inter-level travel turns spent in the entire game.
 C = Inter-level travel turns spent in this place as a percentage of turns spent in this place.
 D = Turns resting spent in this place as a percentage of non-inter-level travel turns spent in this place.
 E = Turns spent auto-exploring this place as a percentage of non-inter-level travel turns spent in this place.
 F = Non-inter-level travel turns spent in this place divided by the number of levels of this place that you've seen.
                   A       B       C       D       E      F
               +-------+-------+-------+-------+-------+----------------------
         Total | 100.0 | 100.0 |   0.0 |   0.0 |   0.0 |  66.0
       Dungeon | 100.0 | 100.0 |   0.0 |   0.0 |   0.0 |  66.0
               +-------+-------+-------+-------+-------+----------------------

Table legend:
 A = Kills in this place as a percentage of kills in entire the game.
 B = Kills by you in this place as a percentage of kills by you in the entire game.
 C = Kills by friends in this place as a percentage of kills by friends in the entire game.
 D = Other kills in this place as a percentage of other kills in the entire game.
 E = Experience gained in this place as a percentage of experience gained in the entire game.
 F = Experience gained in this place divided by the number of levels of this place that you have seen.
                   A       B       C       D       E      F
               +-------+-------+-------+-------+-------+----------------------
         Total | 100.0 | 100.0 |   N/A |   N/A | 100.0 |   4.0
       Dungeon | 100.0 | 100.0 |   N/A |   N/A | 100.0 |   4.0
               +-------+-------+-------+-------+-------+----------------------

Vault maps used:
D:1:      dpeg_arrival_stone_temple_mockup
D:2:      xom_butterflies, minmay_fountain_box, okawaru_ov_weapons_minmay,
          uniq_crazy_yiuf_cottage
